Cogmind - Beta 10.2 @@@ ROGUE MODE // 2021.05.19 @ 19:38:47 Player: Ashley Result: Destroyed by G-47 Trooper with Particle Gun Performance ------------- Evolutions (0) 0 Regions Visited (1) 200 Robots Destroyed (12) 60 Value Destroyed (266) 266 Prototype IDs (0) 0 Alien Tech Used (0) 0 Bonus (0) 0 TOTAL SCORE: 526 Bonus ------- None Cogmind --------- Core Integrity 0/250 Matter 290/300 Energy 74/100 System Corruption 0% Temperature Cool (34) Movement Treading (160) Location -10/Materials Parts ------- > --- POWER (1) -------- (None) > --- PROPULSION (2) --- Light Treads > --- UTILITY (2) ------ Small Storage Unit Small Storage Unit > --- WEAPON (2) ------- Beam Cannon > --- INVENTORY (8) ---- Ion Engine Light Treads Aluminum Leg Compact Wheel Terrain Scanner Peak State ------------ > --- POWER ------------ Ion Engine > --- PROPULSION ------- Aluminum Leg Wheel > --- UTILITY ---------- Small Storage Unit Small Storage Unit > --- WEAPON ----------- EM Pulse Gun Light Assault Rifle > --- INVENTORY -------- Ion Engine Light Treads Light Treads Aluminum Leg Compact Wheel Medium Laser [Rating: 7] Favorites ----------- Power Ion Engine Engine Ion Engine Propulsion Aluminum Leg Treads Light Treads Leg Aluminum Leg Wheel Wheel Flight Unit Flight Unit Utility Small Storage Unit Storage Small Storage Unit Weapon Small Laser Energy Gun Small Laser Energy Cannon Beam Cannon Ballistic Gun Light Assault Rifle Build | -11 -10 ------- Run | Scr Mat Slots Evolved . | . . Power . | . . Propulsion . | . . Utility . | . . Weapon . | . . Parts Attached 13 | 6 7 Power 1 | 1 . Engine 1 | 1 . Core . | . . Reactor . | . . Propulsion 4 | 2 2 Treads 1 | . 1 Leg 1 | 1 . Wheel 1 | 1 . Hover . | . . Flight 1 | . 1 Utility 2 | 1 1 Device . | . . Storage 2 | 1 1 Processor . | . . Hackware . | . . Protection . | . . Artifact . | . . Weapon 6 | 2 4 Energy Gun 4 | 1 3 Energy Cannon 1 | . 1 Ballistic Gun 1 | 1 . Ballistic Cannon . | . . Launcher . | . . Special Weapon . | . . Impact Weapon . | . . Slashing Weapon . | . . Piercing Weapon . | . . Special Melee Weapon . | . . Unidentified Prototypes . | . . Parts Lost 9 | . 9 Power 1 | . 1 Propulsion 3 | . 3 Utility . | . . Weapon 5 | . 5 Highest Loss Streak 4 | . 4 Average Slot Usage (%) 69 | . 69 Engine 10 | . 10 Treads 1 | . 1 Leg 4 | . 4 Wheel 4 | . 4 Storage 26 | . 26 Energy Gun 15 | . 15 Ballistic Gun 4 | . 4 Naked Turns . | . . Heaviest Build 16 | 12 16 Greatest Support 20 | 10 20 Greatest Overweight (x) 4 | 1 4 Average Overweight (x) 1 | . 1 Largest Inventory Capacity 8 | 6 8 Average Capacity 7 | 5 7 Most Carried 8 | 6 8 Average Carried 5 | 4 5 Final Capacity 8 | 6 8 Final Carried 6 | 6 5 Class Distribution -------------------- 100% | Mutant Dominant Class ---------------- Mutant | -10/Materials Resources | -11 -10 ----------- Run | Scr Mat Matter Collected 337 | 221 116 Remotely . | . . Salvage Created 285 | . 285 Parts 34 | . 34 Haulers Intercepted . | . . Recyclers Shooed . | . . Parts Field Recycled . | . . Retrieved Matter . | . . Parts Self-Destructed . | . . Prevented . | . . Kills | -11 -10 ------- Run | Scr Mat Combat Hostiles Destroyed 11 | . 11 Guns 11 | . 11 Classes Destroyed 3 | . 3 Operator 1 | . 1 Swarmer 6 | . 6 Grunt 5 | . 5 Best Kill Streak 4 | . 4 Combat Bots Only 3 | . 3 Max Kills in Single Turn 1 | . 1 Gunslinging . | . . Exploded . | . . Melee . | . . Uniques/NPCs Destroyed . | . . Combat | -11 -10 -------- Run | Scr Mat Damage Taken 987 | . 987 Core 258 | . 258 Absorbed by Shields . | . . Core Remaining (%) 100 | 100 . Volleys Fired 54 | 4 50 Largest 2 | 2 2 Hottest 80 | 60 80 Shots Fired 85 | 8 77 Gun 82 | 8 74 Cannon 3 | . 3 Launcher . | . . Special . | . . Kinetic 35 | 4 31 Thermal 37 | . 37 Explosive . | . . Electromagnetic 13 | 4 9 Robot Hit Streak 6 | 4 6 Robot Miss Streak 11 | 3 11 Penetration Max . | . . Secondary Targets 2 | . 2 Max Gunslinging Chain 1 | . 1 Shots Hit Robots 47 | 4 43 Core Hits 18 | . 18 Critical Hits . | . . Critical Kills . | . . Critical Parts Destroyed . | . . Melee Attacks . | . . Impact . | . . Slashing . | . . Piercing . | . . Sneak Attacks . | . . Combat Hostiles . | . . Follow-up Attacks . | . . Damage Inflicted 506 | 44 462 Guns 489 | 44 445 Cannons 17 | . 17 Explosions . | . . Melee . | . . Ramming . | . . Kinetic 194 | 17 177 Thermal 220 | . 220 Explosive . | . . Electromagnetic 92 | 27 65 Impact . | . . Slashing . | . . Piercing . | . . Highest Corruption . | . . Average Corruption . | . . Corruption Purged . | . . Overload Shots . | . . Overflow Damage . | . . Projectiles . | . . Explosions . | . . Melee . | . . Knockbacks . | . . Impact . | . . Kinetic . | . . Secondary . | . . Self-Inflicted Damage . | . . Shots . | . . Rammed . | . . Targets Rammed . | . . Kicked . | . . Crushed . | . . Highest Temperature 170 | 40 170 Average Temperature 45 | 27 47 Received Heat Transfer 375 | . 375 Siege Activations . | . . Robots Corrupted . | . . Combat Hostiles . | . . Parts Fried . | . . Impact Corruptions . | . . Robots Melted . | . . Combat Hostiles . | . . Parts Melted . | . . Heat Transferred 547 | . 547 Parts Sabotaged . | . . Parts Stolen . | . . Parts Stripped . | . . Power Chain Reactions . | . . Missiles Intercepted . | . . Alert | -11 -10 ------- Run | Scr Mat Peak Influence 319 | . 319 Initial . | . . Average 184 | . 212 Maximum Alert Level 1 | . 1 Low Security (%) 49 | 100 42 Level 1 50 | . 57 Level 2 . | . . Level 3 . | . . Level 4 . | . . Level 5 . | . . High Security . | . . Max Security . | . . Squads Dispatched 3 | . 3 Investigation 1 | . 1 Extermination . | . . Reinforcement 2 | . 2 Assault . | . . Garrison . | . . Intercept . | . . Construction Impeded . | . . Haulers Reinforced . | . . Stealth | -11 -10 --------- Run | Scr Mat Distress Signals . | . . Communications Jammed . | . . Distress Signals . | . . Times Spotted 17 | . 17 Peak Tracking Total 5 | . 5 Tactical Retreats 1 | . 1 Traps | -11 -10 ------- Run | Scr Mat Traps Triggered . | . . Indirectly . | . . Trap Hack Attempts . | . . Triggered . | . . Disarmed . | . . Reprogrammed . | . . Reused . | . . Traps Extracted . | . . Installed . | . . Triggered . | . . Machines | -11 -10 ---------- Run | Scr Mat Machines Disabled 2 | . 2 Max in Single Turn 1 | . 1 Machines Sabotaged . | . . Garrisons Compromised . | . . Overloaded Fab Kills . | . . Fab Network Shutdowns . | . . Hacking | -11 -10 --------- Run | Scr Mat Machines Accessed 3 | . 3 Terminals 3 | . 3 Fabricators . | . . Repair Stations . | . . Recycling Units . | . . Scanalyzers . | . . Garrison Access . | . . Total Hacks 10 | . 10 Successful 7 | . 7 Failed 3 | . 3 Catastrophic . | . . Database Lockouts . | . . Manual . | . . Terminals 10 | . 10 Fabricators . | . . Repair Stations . | . . Recycling Units . | . . Scanalyzers . | . . Garrison Access . | . . Terminal Hacks 7 | . 7 Record 2 | . 2 Alert Level 1 | . 1 Locate Traps 1 | . 1 Dispatch Records 1 | . 1 Investigation Status 1 | . 1 Zone Layout 1 | . 1 Fabricator Hacks . | . . Repair Station Hacks . | . . Recycling Unit Hacks . | . . Scanalyzer . | . . Garrison Access Hacks . | . . Unauthorized Hacks . | . . Terminals . | . . Fabricators . | . . Repair Stations . | . . Recycling Units . | . . Scanalyzers . | . . Garrison Access . | . . Data Cores Recovered . | . . Used . | . . Hacking Detections 2 | . 2 Full Trace Events 1 | . 1 Feedback Events . | . . Feedback Blocked . | . . Robot Schematics Acquired . | . . Robots Built . | . . Matter . | . . Time . | . . Total Robot Build Rating . | . . Part Schematics Acquired . | . . Parts Built . | . . Matter . | . . Time . | . . Total Part Build Rating . | . . Parts Repaired . | . . Time . | . . Parts Recycled . | . . Recycled Matter . | . . Retrieved Matter . | . . Retrieved Components . | . . Parts Scanalyzed . | . . Part Schematics Acquired . | . . Parts Damaged . | . . Bothacking | -11 -10 ------------ Run | Scr Mat Used RIF Installer . | . . Robots Hacked . | . . Non-combat . | . . Combat . | . . Robot Hacks Applied . | . . Relay Couplers Released . | . . Robots Rewired . | . . Allies Hacked . | . . Hacks Repelled . | . . Allies | -11 -10 -------- Run | Scr Mat Total Allies . | . . Largest Group . | . . Highest-Rated Group . | . . Highest-Rated Ally . | . . Total Orders . | . . Ally Attacks . | . . Total Damage . | . . Kills . | . . Allies Corrupted . | . . Allies Melted . | . . Intel | -11 -10 ------- Run | Scr Mat Robot Analysis Total . | . . Derelict Logs Recovered . | . . Drone Launches . | . . Drone Recoveries . | . . Exploration | -11 -10 ------------- Run | Scr Mat Turns Passed 521 | 69 452 Spaces Moved 251 | 47 204 Core 96 | 12 84 Treads 33 | . 33 Legs . | . . Wheels 121 | 35 86 Hover . | . . Flight 1 | . 1 Fastest Speed 50 | 50 90 Average Speed 142 | 80 156 Slowest Speed 250 | 100 250 Overloaded Moves . | . . Propulsion Burnouts . | . . Robots Hopped . | . . Cave-ins Triggered . | . . Exploration Rate (%) 13 | 3 23 Regions Visited 1 Branch Regions . Pre-discovered Areas . | . . Known Exits Taken . | . . Unknown Exits Taken 1 | 1 . Scrap Searched . | . . Spaces Dug . | . . Terrain Destroyed . | . . Melee . | . . Projectile . | . . AOE . | . . Terrain Rammed . | . . Walls Destroyed . | . . Machines Disabled . | . . Actions | -11 -10 --------- Run | Scr Mat Total 335 | 69 266 Wait 3 | 3 . Move 250 | 46 204 Hop . | . . Pick Up 15 | 10 5 Fast Attach 3 | 2 1 Attach 10 | 4 6 Detach . | . . Swap . | . . Drop . | . . Fire 54 | 4 50 Melee . | . . Ram . | . . Kick . | . . Crush . | . . Escape Stasis . | . . Rewire . | . . Trap . | . . Miscellaneous . | . . Route ------- -11/Scrapyard -10/Materials (discovered 1 exit: [*Min]) History --------- Turn | Location | Event 28 | -11/Scrapyard | Discovered new exit (range 15) 70 | -11/Scrapyard | Entered Materials 239 | -10/Materials | Core integrity fell below 50% 259 | -10/Materials | Lost 4 parts (2n2w) 309 | -10/Materials | Build established: Mutant 322 | -10/Materials | Discovered new exit (range 15) 437 | -10/Materials | Core integrity fell below 20% 456 | -10/Materials | Lost 3 parts (1p2w) 522 | -10/Materials | Destroyed by G-47 Trooper with Particle Gun Last Messages --------------- G-34 Mercenary destroyed. R-06 Scavenger collects Lgt. Assault Rifle. R-06 Scavenger collects Flight Unit. Sml. Laser destroyed. Ion Engine destroyed. R-06 Scavenger collects Aluminum Leg. R-06 Scavenger collects Ion Engine. K-01 Serf cleans the Terminal. Acquired 5 matter. Acquired Flight Unit. Flying robots can pass through spaces occupied by others, even hostile robots. Acquired 6 matter. Acquired 14 matter. Flight Unit destroyed. R-06 Scavenger collects Sml. Laser. K-01 Serf collects debris. K-01 Serf cleans the Electrolysis Chamber. Acquired Beam Cannon. [Achievement: First Step to Greatness] Map ----- +----------------------------------------------------+ | ?????????? ??????# #???????????? | | ?????????##/##????# #???????????? | | ?????????# #????# #???????????? | | ???????### #????#% #???????????? | | ???????? #????# #???????????? | | ?????????# #????#% #???????????? | | ????????## ##???# #???????????? | | ????????# ##### % #########+## | | ????????# % ^^ | | ????????# ^^ | | ????????# % "" ^^ | | ????????# ##### "" ####### | | ????????#######???# """ #??????? | | ??????????????????# %""" #??????? | | ??????????????????# "" #??????? | | ??????????????????# #??????? | | ?????????????###### ######## | | ????????###### # # | | ?????#### + # | | ?????#! % "T" # # | | ????#! """ # """ # | | ????#! ###r## ######### """ # | | ????#! #?#g########???????# """ # | | ????#! ###k#######????????######## | | ????##!!# ################# | | ?????#### @ ## | | ????????# ## | | ????????# """ ## | | ????????#" """ ## ############ | | ????????#T u""" ## #??????????? | | ????????#" ] r ## #??????????? | | ????????# ## ##?????????? | | ????????#######+### ########### | | ????????# | | ????????# T | | ????????# | | ????????# ####### ##### ##### | | ????????# #???#####+#######+##### | | ????????# #???# # # | | ????????# #???# # # | | ????????#####???# """ # # | | ????????????????# """ # # | | ????????????????# """ # + | | ????????????????# "Y" # # | | ????????????????# """ # # | | ????????????????# # # | | ????????????????########### # | | ??????????????????????????######### | | | | | +----------------------------------------------------+ Best States ------------- Heat Dissipation 25 Energy Generation 10 Energy Capacity 250 Matter Stores 300 Matter Capacity 300 Sight Range 16 Terrain Scan Density 10 Evasion (%) 50 Recoil Reduction 1 Item Schematics ----------------- None Robot Schematics ------------------ None Fabricated ------------ Nothing Alien Tech Used ----------------- None Achievements -------------- First Step to Greatness One Hack Too Far Storm Trooper Uninvited Guest Challenges ------------ None Game ------ Seed VortexStasisRipper Manual? 0 Play Time 00:14:41 Cumulative 0.9 hours Start 2021.05.19 @ 19:19:17 End 2021.05.19 @ 19:38:47 Sessions 1 Manual Loads 0 Difficulty Rogue Special Mode None Game No. 4 Rogue 4 Adventurer 0 Explorer 0 Win Type - Total 0 Types 0/0/0/0/0/0/0/0/0 Lore% 1 Gallery% 2 Achievement% 1 Wizard Run 0 Options --------- ASCII 0 Keyboard 0 Movement Mouse Keybinds 0 Fullscreen 1 Font 24/Smallcaps Map View 76x50 Tactical HUD 0 Map Filters NONE Filters NONE Steam 1 RUN: ccda2b5d-9a91-42ac-a69d-66c446ab0273